SAA
LONG ISLAND SEAWOLVES @ IRVING BLUE SOX
05/02/2021
 
TOP OF THE 1ST
Long Island Seawolves batting - Pitching for Irving Blue Sox : RHP Pat Brown
Pitching: RHP Pat Brown
Batting: RHB Francisco García 0-0: Foul Ball, location: 2F
0-1: Ground out 1-3 (Groundball, 15S)
Batting: SHB Jim Unknown 0-0: Swinging Strike
0-1: Ball
1-1: Swinging Strike
1-2: Ground out 4-3 (Groundball, 4)
Batting: LHB Eric Ward 0-0: Ball
1-0: Foul Ball, location: 2F
1-1: Foul Ball, location: 2F
1-2: Strikes out looking
Top of the 1st over - 0 run(s), 0 hit(s), 0 error(s), 0 left on base; Long Island 0 - Irving 0
BOTTOM OF THE 1ST
Irving Blue Sox batting - Pitching for Long Island Seawolves : RHP Rob Stone
Pitching: RHP Rob Stone
Batting: SHB Curt Finley 0-0: Ball
1-0: Ball
2-0: Foul Ball, location: 2F
2-1: Ball
3-1: Called Strike
3-2: Foul Ball, location: 2F
3-2: Base on Balls
Batting: RHB Júlio López 0-0: Ground out 5-3 (Groundball, 5S)
Curt Finley to second
Batting: RHB Stan Barnes 0-0: Foul Ball, location: 2F
0-1: Ball
1-1: Fly out, F9 (Flyball, 9S)
Batting: RHB Dennis Newell 0-0: Called Strike
0-1: Ball
1-1: Ball
2-1: Foul Ball, location: 2F
2-2: Ball
3-2: Foul Ball, location: 2F
3-2: Base on Balls
Batting: LHB Kyle James 0-0: Ground out 1-3 (Groundball, 2R)
Bottom of the 1st over - 0 run(s), 0 hit(s), 0 error(s), 2 left on base; Long Island 0 - Irving 0
TOP OF THE 2ND
Long Island Seawolves batting - Pitching for Irving Blue Sox : RHP Pat Brown
Batting: SHB Carroll Kline 0-0: Ball
1-0: Ground out 3-1 (Groundball, 34)
Batting: RHB Roy Clay 0-0: Ball
1-0: Called Strike
1-1: Ball
2-1: Foul Ball, location: 2F
2-2: Strikes out looking
Batting: SHB Terry Conley 0-0: Swinging Strike
0-1: Ball
1-1: Called Strike
1-2: Strikes out swinging
Top of the 2nd over - 0 run(s), 0 hit(s), 0 error(s), 0 left on base; Long Island 0 - Irving 0
BOTTOM OF THE 2ND
Irving Blue Sox batting - Pitching for Long Island Seawolves : RHP Rob Stone
Batting: RHB Pat Lugo 0-0: Ball
1-0: Ball
2-0: Called Strike
2-1: Ball
3-1: DOUBLE (Line Drive, 5L)
Batting: SHB Jim Unknown 0-0: Called Strike
0-1: Ball
1-1: Fly out, F8 (Flyball, 8RD)
Batting: RHB Alfredo Chávez 0-0: Called Strike
0-1: Foul Ball, location: 2F
0-2: Ball
1-2: Foul Ball, location: 2F
1-2: Ground out 3-1 (Groundball, 34)
Pat Lugo to third
Batting: RHB Will Hunter 0-0: Ball
1-0: Called Strike
1-1: Ball
2-1: Foul Ball, location: 2F
2-2: Ball
3-2: SINGLE (Line Drive, 7LS)
Pat Lugo scores
Batting: SHB Curt Finley 0-0: Called Strike
0-1: Ball
1-1: Foul Ball, location: 2F
1-2: Ball
2-2: Ground out 1-3 (Groundball, 25)
Bottom of the 2nd over - 1 run(s), 2 hit(s), 0 error(s), 1 left on base; Long Island 0 - Irving 1
TOP OF THE 3RD
Long Island Seawolves batting - Pitching for Irving Blue Sox : RHP Pat Brown
Batting: RHB Jim Unknown 0-0: Ball
1-0: DOUBLE (Line Drive, 7LS)
Batting: RHB David Morales 0-0: SINGLE (Groundball, 6M)
Jim Unknown to third
Runner from 3rd tries for Home, SAFE, throw made home
David Morales to second
Batting: RHB Jim Unknown 0-0: Called Strike
0-1: Ball
1-1: Fly out, F9 (Flyball, 89S)
Batting: RHB Francisco García 0-0: Ball
1-0: SINGLE (Groundball, 6MD)
David Morales to third
Runner from 3rd tries for Home, SAFE, no throw or cutoff
Batting: SHB Jim Unknown 0-0: Ball
1-0: Fly out, F8 (Flyball, 8RM)
Batting: LHB Eric Ward 0-0: Ball
1-0: Called Strike
1-1: Ground out 3-1 (Groundball, 34S)
Top of the 3rd over - 2 run(s), 3 hit(s), 0 error(s), 1 left on base; Long Island 2 - Irving 1
BOTTOM OF THE 3RD
Irving Blue Sox batting - Pitching for Long Island Seawolves : RHP Rob Stone
Batting: RHB Júlio López 0-0: Foul Ball, location: 2F
0-1: Fly out, F5 (Line Drive, 56)
Batting: RHB Stan Barnes 0-0: Called Strike
0-1: Foul Ball, location: 2F
0-2: Foul Ball, location: 2F
0-2: Ball
1-2: Strikes out looking
Batting: RHB Dennis Newell 0-0: Swinging Strike
0-1: Ball
1-1: Foul Ball, location: 2F
1-2: Ball
2-2: Foul Ball, location: 2F
2-2: Ball
3-2: Fly out, F4 (Line Drive, 4M)
Bottom of the 3rd over - 0 run(s), 0 hit(s), 0 error(s), 0 left on base; Long Island 2 - Irving 1
TOP OF THE 4TH
Long Island Seawolves batting - Pitching for Irving Blue Sox : RHP Pat Brown
Batting: SHB Carroll Kline 0-0: Ball
1-0: Ball
2-0: Called Strike
2-1: Ball
3-1: Foul Ball, location: 2F
3-2: Base on Balls
Batting: RHB Roy Clay 0-0: Ball
1-0: Ball
2-0: Called Strike
2-1: Foul Ball, location: 2F
2-2: Strikes out looking
Batting: SHB Terry Conley 0-0: Called Strike
0-1: Ball
1-1: Ball
2-1: Fly out, F9 (Flyball, 9LD)
Batting: RHB Jim Unknown 0-0: Ball
1-0: Fielders Choice at 2nd, U6 (Groundball, 6M)
Top of the 4th over - 0 run(s), 0 hit(s), 0 error(s), 1 left on base; Long Island 2 - Irving 1
BOTTOM OF THE 4TH
Irving Blue Sox batting - Pitching for Long Island Seawolves : RHP Rob Stone
Batting: LHB Kyle James 0-0: Ball
1-0: SINGLE (Line Drive, 6MD)
Batting: RHB Pat Lugo 0-0: Swinging Strike
0-1: Called Strike
0-2: Ball
1-2: Ball
2-2: Foul Ball, location: 2F
2-2: Strikes out swinging
Batting: SHB Jim Unknown 0-0: Ball
1-0: Ball
2-0: Foul Ball, location: 2F
2-1: Ball
3-1: Called Strike
3-2: Foul Ball, location: 2F
3-2: Base on Balls
Kyle James to second
Batting: RHB Alfredo Chávez 0-0: Foul Ball, location: 2F
0-1: Called Strike
Kyle James steals 3rd base
Jim Unknown to second
0-2: SINGLE (Flyball, 7S)
Kyle James scores
Jim Unknown to third
Runner from 3rd tries for Home, SAFE, throw made home
Alfredo Chávez to second
Batting: RHB Will Hunter 0-0: Called Strike
0-1: Called Strike
0-2: Strikes out looking
Batting: SHB Curt Finley 0-0: Ball
1-0: Ball
2-0: Ground out 4-3 (Groundball, 4)
Bottom of the 4th over - 2 run(s), 2 hit(s), 0 error(s), 1 left on base; Long Island 2 - Irving 3
TOP OF THE 5TH
Long Island Seawolves batting - Pitching for Irving Blue Sox : RHP Pat Brown
Batting: RHB David Morales 0-0: Called Strike
0-1: Ball
1-1: Ball
2-1: Ball
3-1: Swinging Strike
3-2: Strikes out looking
Batting: RHB Jim Unknown 0-0: Ball
1-0: Foul Ball, location: 2F
1-1: Ground out 4-3 (Groundball, 4)
Batting: RHB Francisco García 0-0: Ball
1-0: Swinging Strike
1-1: Ball
2-1: Foul Ball, location: 2F
2-2: Strikes out swinging
Top of the 5th over - 0 run(s), 0 hit(s), 0 error(s), 0 left on base; Long Island 2 - Irving 3
BOTTOM OF THE 5TH
Irving Blue Sox batting - Pitching for Long Island Seawolves : RHP Rob Stone
Batting: RHB Júlio López 0-0: Ball
1-0: Called Strike
1-1: Ball
2-1: Swinging Strike
2-2: Strikes out looking
Batting: RHB Stan Barnes 0-0: Ball
1-0: Ball
2-0: Ground out 6-3 (Groundball, 6M)
Batting: RHB Dennis Newell 0-0: Ball
1-0: Foul Ball, location: 2F
1-1: Ball
2-1: Ball
3-1: SINGLE (Flyball, 78S)
Batting: LHB Kyle James 0-0: Ball
1-0: SINGLE (Line Drive, 56)
Dennis Newell to second
Batting: RHB Pat Lugo 0-0: Ball
1-0: Ball
2-0: SINGLE (Groundball, 56D)
Dennis Newell to third
Kyle James to second
Runner from 3rd tries for Home, SAFE, no throw or cutoff
Batting: SHB Jim Unknown 0-0: Ball
1-0: Ball
2-0: Foul Ball, location: 2F
2-1: Ground out 4-3 (Groundball, 4)
Bottom of the 5th over - 1 run(s), 3 hit(s), 0 error(s), 2 left on base; Long Island 2 - Irving 4
TOP OF THE 6TH
Long Island Seawolves batting - Pitching for Irving Blue Sox : RHP Pat Brown
Batting: SHB Jim Unknown 0-0: Ball
1-0: Ball
2-0: Ball
3-0: Called Strike
3-1: Called Strike
3-2: SINGLE (Line Drive, 4MD)
Batting: LHB Eric Ward 0-0: Ball
1-0: Foul Ball, location: 2F
1-1: Ball
2-1: Fly out, F9 (Flyball, 9S)
Batting: SHB Carroll Kline 0-0: Ball
1-0: Ball
2-0: Ball
3-0: Called Strike
3-1: 2-RUN HOME RUN (Flyball, 9LD), Distance : 367 ft
Batting: RHB Roy Clay 0-0: Ball
1-0: Foul Ball, location: 2F
1-1: Ball
2-1: Ball
3-1: SINGLE (Line Drive, 8RS)
Batting: SHB Terry Conley 0-0: Fly out, F8 (Flyball, 8LS)
Batting: RHB Jim Unknown 0-0: Foul Ball, location: 2F
0-1: Fly out, F7 (Flyball, 78M)
Top of the 6th over - 2 run(s), 3 hit(s), 0 error(s), 1 left on base; Long Island 4 - Irving 4
BOTTOM OF THE 6TH
Irving Blue Sox batting - Pitching for Long Island Seawolves : RHP Rob Stone
Batting: RHB Alfredo Chávez 0-0: Ball
1-0: Ball
2-0: Called Strike
2-1: Ball
3-1: Ground out 5-3 (Groundball, 56)
Batting: RHB Will Hunter 0-0: Called Strike
0-1: Ground out 1-3 (Groundball, 25)
Batting: SHB Curt Finley 0-0: Foul Ball, location: 2F
0-1: Ball
1-1: Ball
2-1: Swinging Strike
2-2: Ball
3-2: Ground out U3 (Groundball, 3S)
Bottom of the 6th over - 0 run(s), 0 hit(s), 0 error(s), 0 left on base; Long Island 4 - Irving 4
TOP OF THE 7TH
Long Island Seawolves batting - Pitching for Irving Blue Sox : RHP Pat Brown
Batting: RHB David Morales 0-0: Called Strike
0-1: Ball
1-1: Swinging Strike
1-2: Ball
2-2: Foul Ball, location: 2F
2-2: Ground out 6-3 (Groundball, 6)
Batting: RHB Jim Unknown 0-0: Called Strike
0-1: Ball
1-1: Called Strike
1-2: Ground out 4-3 (Groundball, 4)
Batting: RHB Francisco García 0-0: Swinging Strike
0-1: Ground out 5-3 (Groundball, 15S)
Top of the 7th over - 0 run(s), 0 hit(s), 0 error(s), 0 left on base; Long Island 4 - Irving 4
BOTTOM OF THE 7TH
Irving Blue Sox batting - Pitching for Long Island Seawolves : RHP Rob Stone
Pinch Hitting: SHB Ron Peterson 0-0: Ball
1-0: Swinging Strike
1-1: SINGLE (Flyball, 78S)
Batting: RHB Stan Barnes 0-0: Ball
1-0: Called Strike
1-1: Ball
2-1: Called Strike
Ron Peterson is caught stealing 2nd base
2-2: Ground out 6-3 (Groundball, 6)
Batting: RHB Dennis Newell 0-0: Called Strike
0-1: Ball
1-1: Ball
2-1: Fly out, F8 (Flyball, 8RM)
Bottom of the 7th over - 0 run(s), 1 hit(s), 0 error(s), 0 left on base; Long Island 4 - Irving 4
TOP OF THE 8TH
Long Island Seawolves batting - Pitching for Irving Blue Sox : RHP Pat Brown
Now in RF: Ron Peterson
Pinch Hitting: LHB Jim Unknown 0-0: Foul Ball, location: 2F
0-1: Ball
1-1: Ball
2-1: Fly out, F6 (Popup, 6)
Batting: LHB Eric Ward 0-0: Ball
1-0: Ball
2-0: Ground out 6-3 (Groundball, 4M)
Batting: SHB Carroll Kline 0-0: Called Strike
0-1: Ball
1-1: DOUBLE (Line Drive, 8LXD)
Pitching: RHP Chris Strickland
Batting: RHB Roy Clay 0-0: Called Strike
0-1: Ball
1-1: Ball
2-1: Called Strike
2-2: Ball
3-2: Strikes out swinging
Top of the 8th over - 0 run(s), 1 hit(s), 0 error(s), 1 left on base; Long Island 4 - Irving 4
BOTTOM OF THE 8TH
Irving Blue Sox batting - Pitching for Long Island Seawolves : RHP Rob Stone
Now at SS: Jim Unknown
Batting: LHB Kyle James 0-0: SINGLE (Line Drive, 6D)
Batting: RHB Pat Lugo 0-0: Ball
1-0: Fielders Choice at 2nd, 1-4 (Groundball, 13)
Pitching: LHP Jim Unknown
Batting: SHB Jim Unknown 0-0: Swinging Strike
0-1: Foul Ball, location: 2F
0-2: Ball
1-2: Ball
2-2: Reached on error, E6 (Groundball, 6)
Pat Lugo to second
Batting: RHB Alfredo Chávez 0-0: Ball
1-0: Swinging Strike
1-1: Called Strike
1-2: Ball
2-2: Foul Ball, location: 2F
2-2: Fly out, F7 (Popup, 6D)
Batting: RHB Will Hunter 0-0: Called Strike
0-1: Foul Ball, location: 2F
0-2: Ball
1-2: Foul Ball, location: 2F
1-2: Ball
2-2: Strikes out swinging
Bottom of the 8th over - 0 run(s), 1 hit(s), 1 error(s), 2 left on base; Long Island 4 - Irving 4
TOP OF THE 9TH
Long Island Seawolves batting - Pitching for Irving Blue Sox : RHP Chris Strickland
Pitching: RHP Domingo Álvarez
Batting: SHB Terry Conley 0-0: Called Strike
0-1: Fly out, F7 (Flyball, 78S)
Batting: RHB Jim Unknown 0-0: Swinging Strike
0-1: Ball
1-1: Ball
2-1: Swinging Strike
2-2: Foul Ball, location: 2F
2-2: Foul Ball, location: 2F
2-2: Ball
3-2: Strikes out looking
Batting: RHB David Morales 0-0: Ball
1-0: Foul Ball, location: 2F
1-1: Ground out U3 (Groundball, 3S)
Top of the 9th over - 0 run(s), 0 hit(s), 0 error(s), 0 left on base; Long Island 4 - Irving 4
BOTTOM OF THE 9TH
Irving Blue Sox batting - Pitching for Long Island Seawolves : LHP Jim Unknown
Pitching: RHP Jim Unknown
Batting: SHB Curt Finley 0-0: Ball
1-0: Foul Ball, location: 2F
1-1: Ball
2-1: Foul Ball, location: 2F
2-2: SINGLE (Line Drive, 8LS)
Batting: SHB Ron Peterson 0-0: Ball
1-0: Foul Ball, location: 2F
1-1: Ball
Balk!
Curt Finley to second
2-1: Ball
3-1: Foul Ball, location: 2F
3-2: SINGLE (Groundball, 34)
Curt Finley to third
Runner from 3rd tries for Home, SAFE, no throw or cutoff
This league is powered by Out of the Park Baseball, the baseball management simulation game for PC, Mac and Linux
Friday, January 22nd, 2016 - OOTP Baseball 16.9 Build 39